 Dungeon Crawl Stone Soup version 0.16-a0-286-g6bac339 (webtiles) character file.

1444 PolkaDot the Grappler (level 8, -1/70 HPs)
             Began as a Purple Draconian Transmuter on Aug 28, 2014.
             Was a Follower of Sif Muna.
             Shot with a bolt by a kobold (6 damage)
             ... on Level 6 of the Dungeon.
             The game lasted 00:41:17 (5878 turns).

PolkaDot the Grappler (Purple Draconian Transmuter) Turns: 5878, Time: 00:41:18

HP  -1/70        AC  5     Str 14      XL: 8   Next: 46%
MP   9/14        EV 10     Int 11 (13) God: Sif Muna [*.....]
Gold 262         SH  0     Dex 13      Spells:  3 memorised,  3 levels left

rFire  x . .     SeeInvis .       - Unarmed
rCold  + + +     Clarity  .     (armour unavailable)
rNeg   + . .     rCorr    .     (shield currently unavailable)
rPois  +         rRot     .     (helmet currently unavailable)
rElec  .         Spirit   .     h - melded +1 cloak
SustAb .         Warding  .     (gloves currently unavailable)
rMut   .         Stasis   .     (boots currently unavailable)
Gourm  .                        z - cursed amulet of inaccuracy
MR     +....                    (no ring)
                                m - ring of positive energy

@: ice-form, somewhat resistant to hostile enchantments, very unstealthy
A: (breathe power), unfitting armour, (cold-blooded), AC +6
a: End Transformation, Channel Energy, Renounce Religion


You were on level 6 of the Dungeon.
You worshipped Sif Muna.
Sif Muna was aware of your devotion.
You were hungry.
You were a creature of crystalline ice.
You visited 1 branch of the dungeon, and saw 6 of its levels.

You collected 262 gold pieces.

Inventory:

Missiles
 b - 67 arrows
Armour
 h - a +1 cloak (melded)
Magical devices
 f - a wand of polymorph (0) {unknown}
 l - a wand of heal wounds (2)
 n - a wand of cold (10)
 p - a wand of random effects (9)
 A - a wand of fireball (2)
Comestibles
 a - 5 bread rations
 i - a royal jelly
 r - 5 meat rations
 s - a slice of pizza
 u - 3 fruits
 x - 2 rotting chunks of jackal flesh {@w1}
 B - 2 chunks of worker ant flesh {@w1}
Scrolls
 k - 3 scrolls of teleportation
Jewellery
 m - a ring of positive energy (left paw)
 z - a cursed amulet of inaccuracy (around neck)
Potions
 e - a potion of resistance
 j - a potion of invisibility
 o - a potion of brilliance {unknown}
 q - a potion of flight
 t - 2 potions of lignification {unknown}
 w - a potion of curing
Books
 c - Sif Muna's Disquisition on Confrontation
   (You found it on level 4 of the Dungeon)

   Spells                             Type                      Level
   Flame Tongue                       Conjuration/Fire             1
 d - a book of Changes

   Spells                             Type                      Level
   *Beastly Appendage                 Transmutation                1
   Sticks to Snakes                   Transmutation                2
   *Spider Form                       Transmutation/Poison         3
   *Ice Form                          Ice/Transmutation            4
   Blade Hands                        Transmutation                5
 g - Vehumet's Compendium of Damage Dealing
   (You found it on level 4 of the Dungeon)

   Spells                             Type                      Level
   Magic Dart                         Conjuration                  1
 y - a book of Hinderance

   Spells                             Type                      Level
   Confusing Touch                    Hexes                        2
   Confuse                            Hexes                        3
   Petrify                            Transmutation/Earth          4
   Leda's Liquefaction                Hexes/Earth                  4
   Metabolic Englaciation             Hexes/Ice                    5
   Summon Mana Viper                  Hexes/Summoning              5


   Skills:
 - Level 1.1 Fighting
 - Level 1.7 Dodging
 + Level 8.2 Unarmed Combat
 - Level 2.4 Spellcasting
 * Level 6.2 Transmutations
 - Level 3.6 Ice Magic
 - Level 1.1 Poison Magic


You had 3 spell levels left.
You knew the following spells:

 Your Spells              Type           Power        Failure   Level  Hunger
a - Beastly Appendage     Trmt           ##....       2%          1    ##.....
d - Ice Form              Ice/Trmt       ##......     38%         4    #####..
s - Spider Form           Trmt/Pois      #.........   21%         3    ####...


Dungeon Overview and Level Annotations

Branches:
Dungeon (6/15)
 Temple: D:4-7

Altars:
Dithmenos
Gozag
Kikubaaqudgha
Okawaru
Sif Muna
Vehumet
Xom


Innate Abilities, Weirdness & Mutations

((You can breathe bolts of energy.))
((You can dispel enchantments when you breathe energy.))
((Your rich purple scales are hard (AC +6).))
Your body does not fit into most forms of armour.
((Your cold-blooded metabolism reacts poorly to cold.))


Message History

The kobold shoots a bolt.
The bolt completely misses you.
Casting: Ice Form
Confirm with . or Enter, or press ? or * to list all spells.
You turn into a creature of crystalline ice.
Your +1 cloak melds into your body.
The kobold shoots a bolt.
The bolt hits you!
You hit the goliath beetle but do no damage.
The kobold shoots a bolt.
The bolt hits you! The goliath beetle bites you!
* * * LOW HITPOINT WARNING * * *
You hit the goliath beetle but do no damage.
You hit the goliath beetle. You freeze the goliath beetle.
The goliath beetle is lightly wounded.
The kobold shoots a bolt.
The bolt hits you.
* * * LOW HITPOINT WARNING * * *
The goliath beetle bites you!!
* * * LOW HITPOINT WARNING * * *
The kobold shoots a bolt.
The bolt hits you but does no damage.
You see here a bolt.
The kobold shoots a bolt.
The bolt hits you.
You die...

#.....##.....##
#.#####..##...# ..#
#....##..## .###
#..._$#%..#########
...###....##..K.........
##.(.##..##.?.B.........
##...###.....##(.......$.
.<...# ###..###((#######
####<# #.### ##Y## ##
#.###.# ##...# (#
#..##.## #..#(# .#
##.#...# #.##.# .#
#.....# #.# .. )# ###...#
#.# #.# (# ##.## #.# ..#.
)#### ### #.# ##...
)...## #####.#.......


You could see a goliath beetle and a kobold.

Vanquished Creatures
  Grinder (D:5)
  The ghost of dartonias the Basher, an average OgBe of Trog (D:4)
  A phantom (D:4)
  4 ogres (D:5)
  A big kobold (D:6)
  2 hounds
  An orc priest (D:4)
  A quasit (D:5)
  An orc wizard (D:4)
  2 worker ants
  Jessica (D:2)
  A crocodile skeleton (D:5)
  13 adders
  A green rat (D:4)
  An orc zombie (D:5)
  4 giant mites
  3 worms (D:2)
  An iguana skeleton (D:6)
  4 giant geckos
  5 orcs
  11 bats
  5 giant cockroaches
  12 hobgoblins
  12 jackals
  28 kobolds
  5 quokkas
  A ball python (D:1)
  8 giant newts
  11 goblins
  A goblin skeleton (D:4)
  11 rats
  A rat zombie (D:6)
155 creatures vanquished.

Notes
Turn   | Place    | Note
--------------------------------------------------------------
     0 | D:1      | PolkaDot, the Draconian Transmuter, began the quest for the Orb.
     0 | D:1      | Reached XP level 1. HP: 16/16 MP: 3/3
   277 | D:1      | Reached XP level 2. HP: 18/23 MP: 4/4
   546 | D:1      | Reached XP level 3. HP: 25/28 MP: 6/6
   640 | D:1      | Reached skill level 4 in Unarmed Combat
  1061 | D:1      | Learned a level 3 spell: Spider Form
  1394 | D:2      | Reached XP level 4. HP: 11/35 MP: 4/7
  1719 | D:2      | Found a shimmering altar of Xom.
  1720 | D:2      | Found a shimmering altar of Xom.
  1720 | D:2      | Found a shimmering altar of Xom.
  1721 | D:2      | Found a shimmering altar of Xom.
  1722 | D:2      | Found a shimmering altar of Xom.
  1722 | D:2      | Found a shimmering altar of Xom.
  1963 | D:2      | Reached skill level 1 in Poison Magic
  1981 | D:2      | Found a shimmering altar of Xom.
  2029 | D:2      | Noticed Jessica
  2038 | D:2      | Killed Jessica
  2122 | D:3      | Reached skill level 5 in Unarmed Combat
  2144 | D:3      | Reached XP level 5. HP: 38/40 MP: 9/9
  2157 | D:3      | Learned a level 4 spell: Ice Form
  2411 | D:3      | Found an opulent altar of Gozag.
  3002 | D:4      | Found a deep blue altar of Sif Muna.
  3006 | D:4      | Identified Sif Muna's Disquisition on Confrontation
  3010 | D:4      | Found a radiant altar of Vehumet.
  3014 | D:4      | Identified Vehumet's Compendium of Damage Dealing
  3018 | D:4      | Found an ancient bone altar of Kikubaaqudgha.
  3028 | D:4      | Identified Kikubaaqudgha's Tome of Black Secrets
  3039 | D:4      | Became a worshipper of Sif Muna the Loreminder
  3070 | D:4      | Noticed a phantom
  3287 | D:4      | Gained mutation: You are dopey. (Int -2) [miscasting Ice Form]
  3311 | D:4      | Killed a phantom
  3311 | D:4      | Reached skill level 1 in Ice Magic
  3311 | D:4      | Reached XP level 6. HP: 22/47 MP: 2/10
  3448 | D:4      | Reached skill level 6 in Unarmed Combat
  3908 | D:4      | Noticed dartonias' ghost (average OgBe)
  3916 | D:4      | Lost mutation: You are dopey. (Int -2) [potion of cure mutation]
  3924 | D:4      | Killed dartonias' ghost
  3924 | D:4      | Your scales start taking on a rich purple colour.
  3924 | D:4      | Reached XP level 7. HP: 29/52 MP: 8/12
  4408 | D:5      | Entered Level 5 of the Dungeon
  4764 | D:5      | Noticed Grinder
  4793 | D:5      | Killed Grinder
  4793 | D:5      | Reached skill level 7 in Unarmed Combat
  4864 | D:5      | Reached skill level 5 in Transmutations
  4869 | D:5      | Acquired Sif Muna's first power
  4976 | D:5      | Reached XP level 8. HP: 17/59 MP: 11/14
  5447 | D:5      | Found an iron altar of Okawaru.
  5466 | D:5      | Reached skill level 8 in Unarmed Combat
  5852 | D:6      | Found a shadowy altar of Dithmenos.
  5878 | D:6      | Shot with a bolt by a kobold

Action                   |  1- 3 |  4- 6 |  7- 9 || total
-------------------------+-------+-------+-------++-------
Melee: Unarmed           |   176 |   247 |   171 ||   594
 Cast: Beastly Appendage |     4 |     4 |       ||     8
       Spider Form       |     3 |    13 |     5 ||    21
       Ice Form          |       |     1 |     4 ||     5
 Abil: End Transformatio |       |     2 |       ||     2
Evoke: Wand              |       |     6 |     6 ||    12
  Use: Scroll            |       |    12 |     2 ||    14
       Potion            |       |     8 |       ||     8
 Stab: Sleeping          |       |     1 |       ||     1
       Invisible         |       |     3 |       ||     3
  Eat: Chunk             |     2 |    12 |     9 ||    23
